 Dungeon Crawl Stone Soup version 0.29.1-4-g47bece8355 (webtiles) character file.

Game seed: 15590010729817957151

85 Peloso the Covered (level 4, -8/40 HPs)
             Began as a Minotaur Fighter on Dec 10, 2022.
             Killed by an exploding ogre (33 damage)
             ... ignited by their inner flame
             ... on level 5 of the Dungeon.
             The game lasted 00:05:27 (2007 turns).

Peloso the Covered (Minotaur Fighter)               Turns: 2007, Time: 00:05:29

Health: -8/40      AC:  7    Str: 27    XL:     4   Next: 25%
Magic:  3/3        EV:  9    Int:  5    God:
Gold:   121        SH:  4    Dex: 11    Spells: 3/3 levels left

rFire   . . .      SeeInvis .   a - +1 long sword
rCold   + . .      Faith    .   f - +0 buckler
rNeg    . . .      Spirit   .   b - +0 scale mail
rPois   .          Reflect  .   (helmet restricted)
rElec   .          Harm     .   (no cloak)
rCorr   .          Rampage  .   (no gloves)
Will    .....                   (no boots)
Stlth   ..........              (no amulet)
HPRegen 0.13/turn               k - +6 ring of strength
MPRegen 0.08/turn               l - ring of protection from cold

@: studying Ranged Weapons
A: horns 2, retaliatory headbutt
a: no special abilities


You were on level 5 of the Dungeon.
You visited 1 branch of the dungeon, and saw 5 of its levels.

You collected 121 gold pieces.

Inventory:

Hand Weapons
 a - a +1 long sword (weapon)
 c - a +1 hand axe of electrocution
Armour
 b - a +0 scale mail (worn)
 f - a +0 buckler (worn)
Jewellery
 k - a +6 ring of strength (left hand)
 l - a ring of protection from cold (right hand)
Scrolls
 i - a scroll of acquirement
Potions
 d - a potion of might
 g - 4 potions of curing
 h - a potion of resistance {unknown}
 p - a potion of haste {unknown}


   Skills:
 + Level 4.2 Fighting
 + Level 3.6 Long Blades
 + Level 4.4 Armour
 + Level 0.5 Dodging
 + Level 0.1 Stealth
 + Level 4.1 Shields


You had 3 spell levels left.
You didn't know any spells.
Your spell library contained the following spells:

 Spells                   Type           Power      Damage    Failure   Level
 Ensorcelled Hibernation  Hex/Ice        0%         N/A       92%         2
 Ignite Poison            Fire/Tmut/Pois 0%         N/A       99%         3
 Mephitic Cloud           Conj/Pois/Air  0%         N/A       99%         3
 Spider Form              Tmut/Pois      0%         N/A       99%         3
 Anguish                  Hex/Necr       0%         N/A       100%        4
 Freezing Cloud           Conj/Ice/Air   0%         6-21      100%        5


Dungeon Overview and Level Annotations

Branches:
Dungeon (5/15)
 Temple: D:4-7

Altars:
Nemelex Xobeh

Shops:
D:1 [   D:3 *


Innate Abilities, Weirdness & Mutations

You have a pair of horns on your head.
You reflexively headbutt those who attack you in melee.


Message History

As you read the scroll of identify, it crumbles to dust.
n - a scroll of torment You drop a scroll of torment.
As you read the scroll labelled PADWEQ FANUFAJ, it crumbles to dust.
You feel strangely unstable.
It was a scroll of teleportation.
Your surroundings suddenly seem different.
You hear the slow rusting of a very distant drain.
HP restored.
You open the door.
Found an escape hatch in the floor.
There is an open door here.
An ogre comes into view. It is wielding a +0 giant club.
Unknown command.
Unknown command.
As you read the scroll labelled SUNTEN QYIG, it crumbles to dust.
The creatures around you are filled with an inner flame!
It was a scroll of immolation.
You aren't carrying any items that you can evoke.
An ice beast comes into view.
The ice beast hits you but does no damage.
The ice beast attacks as you move away! You block the ice beast's attack.
You barely miss the ice beast. The ice beast hits you.
The ice beast freezes you. You resist.
You hit the ogre.
Flame seeps out of the ogre.
The ogre is lightly wounded.
The ice beast hits you but does no damage.
The ogre is engulfed in blazing flames.
Flame seeps out of the ogre.
The ogre misses you.
You hit the ogre but do no damage.
The ogre is severely wounded.
The ice beast hits you. The ice beast freezes you. You resist.
The ogre is engulfed in blazing flames.
Flame seeps out of the ogre.
You block the ogre's attack.
You barely miss the ogre.
Flame seeps out of the ogre.
You headbutt the ogre.
The ogre is almost dead.
The ice beast closely misses you.
The ogre is engulfed in blazing flames.
The ogre explodes!
The fiery explosion engulfs you!!
Ouch! That really hurt!
You die...

#######
#.....#
#.....#
#.....#
#.....#
#.....#######
#.@§.......
#.Y°§......
#...§......
#..........
###..........
#.....########
#>....#......#
#.....'......#
+.....#......#


You could see an ice beast.

Vanquished Creatures
  An ogre (D:5)
  2 gnolls (D:4)
  An adder (D:2)
  A dart slug (D:1)
  4 orcs (D:4)
  5 ball pythons
  3 endoplasms
  3 giant cockroaches (D:1)
  3 hobgoblins (D:1)
  6 jackals (D:2)
  2 quokkas
  6 bats
  A frilled lizard (D:1)
  3 goblins
  5 kobolds
  4 rats
50 creatures vanquished.

Vanquished Creatures (others)
  3 fungi (D:5)
3 creatures vanquished.

Grand Total: 53 creatures vanquished

Notes
Turn   | Place    | Note
-------+----------+-------------------------------------------
     0 | D:1      | Peloso the Minotaur Fighter began the quest for the Orb.
     0 | D:1      | Reached XP level 1. HP: 19/19 MP: 0/0
    54 | D:1      | Found Fippae's Armour Emporium.
   102 | D:1      | Reached XP level 2. HP: 18/27 MP: 1/1
   758 | D:2      | Found a faded altar of an unknown god.
   894 | D:2      | Reached XP level 3. HP: 33/33 MP: 2/2
  1406 | D:3      | Found a sparkling altar of Nemelex Xobeh.
  1449 | D:3      | Found Pathraifi's General Store.
  1916 | D:4      | Reached XP level 4. HP: 32/40 MP: 3/3
  1927 | D:5      | Entered Level 5 of the Dungeon
  1944 | D:5      | Identified a scroll of acquirement
  1993 | D:5      | Noticed an ogre
  1998 | D:5      | Noticed an ice beast
  2007 | D:5      | Killed an ogre
  2007 | D:5      | Killed by an exploding ogre... ignited by their inner flame

Illustrated notes

Levels and vault maps discovered:
D:1:      lightli_arrival_lavapool, layout_rooms, serial_shops, shop
D:2:      layout_basic, hellmonk_ecumenical_altar_zigzags
D:3:      layout_loops_ring, nemelex_xobeh_ov_fountains_minmay, serial_shops,
          shop
D:4:      layout_loops_ring, minmay_temple_entry_ruins,
          gammafunk_ghost_gnarly_gnolls, uniq_robin, uniq_duvessa, uniq_grinder
D:5:      layout_gridville, lemuel_tele_altar, mainiacjoe_overflow_big_doors,
          serial_shops, shop, lightli_sewer_entry_pipes, nrook_campfire,
          minmay_gold_behind_fungi, minmay_bent, uniq_menkaure

Skill      XL: |  1  2  3 |
---------------+----------+-----
Fighting       | 4 |  4.2
Armour         | 4 |  4.4
Long Blades    | 3 |  3.6
Shields        | 4 |  4.1
Dodging        | |  0.5
Stealth        | |  0.1

Action                   |  1- 3 |  4- 6 || total
-------------------------+-------+-------++-------
Melee: Long sword        |    97 |     8 ||   105
       Headbutt          |    14 |     2 ||    16
  Use: Scroll            |     2 |     6 ||     8
Armor: Scale mail        |    54 |     2 ||    56
Dodge: Dodged            |    52 |     5 ||    57
Block: Buckler           |    25 |     4 ||    29
